 Dungeon Crawl Stone Soup version 0.19.1-1-g22dce08 (webtiles) character file.

147 Alarkh the Chopper (level 5, -3/41 HPs)
             Began as a Demonspawn Monk on Jan 3, 2017.
             Slain by a scorpion (9 damage)
             ... on level 3 of the Dungeon.
             The game lasted 00:03:20 (2101 turns).

Alarkh the Chopper (Demonspawn Monk)                Turns: 2101, Time: 00:03:21

Health: -3/41      AC:  3    Str: 12    XL:     5   Next: 7%
Magic:  5/5        EV: 13    Int: 12    God:
Gold:   56         SH:  0    Dex: 15    Spells: 0 memorised, 4 levels left

rFire  . . .     SeeInvis .     a - +0 hand axe
rCold  . . .     Gourm    .     o - +0 robe (curse)
rNeg   . . .     Faith    .     (no shield)
rPois  .         Spirit   .     (no helmet)
rElec  .         Reflect  .     (no cloak)
rCorr  .         Harm     .     f - +0 pair of gloves
MR     .....                    (no boots)
Stlth  +++.......               (no amulet)
                                (no ring)
                                (no ring)

@: lethally poisoned (-3 -> -8), about to teleport, flying
A: talons 1, nightstalker 1, powered by pain 1
a: no special abilities


You were on level 3 of the Dungeon.
You were not hungry.

You visited 1 branch of the dungeon, and saw 3 of its levels.

You collected 56 gold pieces.

Inventory:

Hand Weapons
 a - a +0 hand axe (weapon)
Armour
 b - a +0 robe
 f - a +0 pair of gloves (worn)
 o - a cursed +0 robe (worn)
Scrolls
 e - 2 scrolls of remove curse
 h - a scroll of amnesia
 k - a scroll of recharging
 n - a scroll of immolation {unknown}
 p - a scroll of enchant weapon {unknown}
 q - a scroll of magic mapping {unknown}
Potions
 j - 2 potions of cancellation
Comestibles
 c - 5 bread rations
 d - a beef jerky
 l - a meat ration
 m - 5 fruits
 r - 5 chunks of flesh


   Skills:
 - Level 3.0 Fighting
 + Level 5.3 Axes
 - Level 2.6 Dodging
 - Level 1.7 Stealth


You had 4 spell levels left.
You didn't know any spells.

Dungeon Overview and Level Annotations

Branches:
Dungeon (3/15)

Altars:
Ru
Sif Muna


Innate Abilities, Weirdness & Mutations

You have sharp toenails.
You are slightly more attuned to the shadows.
You sometimes gain a little power by taking damage.


Message History

You hit the scorpion.
You claw the scorpion, but do no damage.
The scorpion is severely wounded.
The scorpion stings you.
* * * LOW HITPOINT WARNING * * *
You are poisoned.
The scorpion poisons you!
Okay, then.
Okay, then.
It was a potion of flight.
You feel very buoyant.
You fly up into the air.
* * * LOW HITPOINT WARNING * * *
You feel sick. The scorpion closely misses you.
Okay, then.
As you read the scroll of teleportation, it crumbles to dust.
You feel strangely unstable.
* * * LOW HITPOINT WARNING * * *
You feel sick. The scorpion stings you!
You die...

####.# #....#
%.%..% ####'.#
..... #...#.#####
♣...♣ #...#.....#
♣♣...♣♣
....#.....#♣♣♣♣
.....
_.###.........#
#..#
....#.........###s#
#.)÷#...........@.#
#..)#.###.........#
####'.###.....(...#
.......############
.......# .......#
#.###.#####
..........#
#...#.##....


You could see a scorpion.

Vanquished Creatures
  Jessica (D:3)
  An orc wizard (D:3)
  Natasha (D:3)
  3 gnolls (D:2)
  An adder (D:2)
  2 leopard geckos
  2 giant cockroaches
  5 goblins
  A hobgoblin (D:1)
  A jackal (D:3)
  A quokka (D:3)
  2 ball pythons
  4 bats
  A frilled lizard (D:2)
  4 kobolds
  7 rats
37 creatures vanquished.

Notes
Turn   | Place    | Note
-------+----------+-------------------------------------------
     0 | D:1      | Alarkh the Demonspawn Monk began the quest for the Orb.
     0 | D:1      | Reached XP level 1. HP: 18/18 MP: 1/1
   275 | D:1      | Reached skill level 3 in Axes
   295 | D:1      | Gained mutation: You are slightly more attuned to the shadows. [demonic ancestry]
   295 | D:1      | Reached XP level 2. HP: 18/24 MP: 2/2
   800 | D:2      | Reached XP level 3. HP: 25/29 MP: 3/3
  1096 | D:2      | Reached skill level 4 in Axes
  1835 | D:3      | Found a sacrificial altar of Ru.
  1838 | D:3      | Found a deep blue altar of Sif Muna.
  1891 | D:3      | Gained mutation: You have sharp toenails. [demonic ancestry]
  1891 | D:3      | Reached XP level 4. HP: 35/35 MP: 4/4
  1904 | D:3      | Noticed Natasha
  1913 | D:3      | Killed Natasha
  2017 | D:3      | Found a sacrificial altar of Ru.
  2023 | D:3      | Noticed Jessica
  2046 | D:3      | Reached skill level 5 in Axes
  2048 | D:3      | Killed Jessica
  2048 | D:3      | Gained mutation: You sometimes gain a little power by taking damage. [demonic ancestry]
  2048 | D:3      | Reached XP level 5. HP: 24/41 MP: 5/5
  2101 | D:3      | Slain by a scorpion

Skill      XL: |  1  2  3  4 |
---------------+-------------+-----
Axes           | 3 4 5 |  5.3
Fighting       | |  3.0
Dodging        | |  2.6
Stealth        | |  1.7

Action                   |  1- 3 |  4- 6 || total
-------------------------+-------+-------++-------
Melee: Hand axe          |    99 |    48 ||   147
       Kick              |       |    13 ||    13
  Use: Scroll            |     6 |     1 ||     7
       Potion            |       |     2 ||     2
 Stab: Sleeping          |     9 |       ||     9
       Distracted        |     1 |       ||     1
       Paralysed         |       |     4 ||     4
       Invisible         |       |     1 ||     1
  Eat: Chunk             |     3 |     1 ||     4
Armor: Robe              |    18 |     5 ||    23
Dodge: Dodged            |    82 |    27 ||   109
